Map: Newkirk Precinct TE (Void)

Players

izz

  • Race: Protoss Protoss
  • League: Gold
  • Spawn Location: 7:00

Fropez - Winner!

  • Race: Protoss Protoss
  • League: Gold
  • Spawn Location: 5:00

VOD

Have the link to the VOD?

Description

Time

  • Played on: Jan. 24, 2017, 10:10 a.m.
  • Length: 10:00
Show
View Real Time Build Order
Export as new Build Order

izz Protoss 

Build Orders:  

Get SALT Encoding   

  12  0:01  Probe (Chrono Boost)  
  13  0:12  Probe (Chrono Boost)  
  14  0:18  Pylon  
  14  0:22  Probe (Chrono Boost)  
  15  0:36  Probe (Chrono Boost)  
  15  0:37  Gateway  
  16  0:47  Probe (Chrono Boost), Assimilator  
  17  0:57  Probe (Chrono Boost)  
  18  1:08  Probe (Chrono Boost)  
  19  1:17  Pylon  
  20  1:18  Probe (Chrono Boost)  
  20  1:20  Gateway  
  20  1:33  Probe (Chrono Boost)  
  21  1:50  Cybernetics Core  
  21  1:52  Pylon, Probe (Chrono Boost)  
  22  2:13  Warp Gate  
  22  2:15  Probe (Chrono Boost)  
  23  2:18  Assimilator, Zealot x2  
  27  2:45  Zealot  
  29  2:52  Robotics Facility  
  29  2:58  Probe (Chrono Boost)  
  30  3:11  Nexus  
  31  3:14  Pylon, Probe (Chrono Boost)  
  31  3:23  Pylon  
  31  3:30  Probe (Chrono Boost)  
  32  3:37  Stargate  
  34  3:41  Pylon  
  34  3:44  Mothership Core (Chrono Boost)  
  34  3:51  Immortal  
  31  4:43  Probe (Chrono Boost)  
  31  4:44  Oracle  
  35  4:53  Probe (Chrono Boost)  
  35  4:58  Probe (Chrono Boost), Assimilator  
  37  5:01  Pylon  
  37  5:04  Probe (Chrono Boost)  
  38  5:12  Stalker  
  40  5:14  Probe (Chrono Boost)  
  40  5:15  Pylon  
  39  5:23  Probe (Chrono Boost)  
  38  5:35  Probe (Chrono Boost)  
  39  5:37  Stalker  
  41  5:47  Probe (Chrono Boost)  
  39  6:01  Probe (Chrono Boost)  
  39  6:03  Void Ray  
  39  6:04  Probe (Chrono Boost)  
  44  6:11  Probe (Chrono Boost)  
  44  6:12  Zealot x2  
  44  6:16  Probe (Chrono Boost)  
  44  6:17  Gateway  
  45  6:28  Probe (Chrono Boost)  
  45  6:31  Immortal  
  50  6:41  Gateway  
  50  6:43  Gateway  
  51  6:47  Probe (Chrono Boost), Gateway  
  51  6:50  Gateway  
  51  6:51  Probe (Chrono Boost)  
  51  6:52  Zealot  
  51  6:54  Zealot  
  56  6:59  Probe (Chrono Boost)  
  55  7:02  Probe (Chrono Boost)  
  43  7:22  Probe (Chrono Boost)  
  39  7:25  Probe (Chrono Boost), Zealot  
  39  7:26  Zealot  
  42  7:37  Probe (Chrono Boost)  
  42  7:53  Zealot  
  42  7:54  Stalker  
  42  7:55  Stalker  
  46  8:18  Zealot  
  41  8:43  Zealot x2  
  41  8:44  Zealot  
  47  8:52  Probe (Chrono Boost)  
  48  9:07  Probe (Chrono Boost)  
  49  9:23  Probe (Chrono Boost)  
Show
View Real Time Build Order
Export as new Build Order

Fropez Protoss - Winner!

Build Orders: 1 Gate Expand 

Get SALT Encoding   

  12  0:01  Probe (Chrono Boost)  
  13  0:11  Probe (Chrono Boost)  
  14  0:19  Pylon  
  14  0:23  Probe (Chrono Boost)  
  15  0:37  Gateway  
  15  0:41  Probe (Chrono Boost)  
  16  0:51  Assimilator  
  16  0:57  Probe (Chrono Boost)  
  17  1:09  Pylon  
  17  1:15  Probe (Chrono Boost)  
  18  1:29  Nexus  
  18  1:41  Cybernetics Core  
  18  1:46  Probe (Chrono Boost)  
  19  1:48  Assimilator  
  19  1:59  Probe (Chrono Boost)  
  20  2:09  Probe (Chrono Boost)  
  20  2:10  Warp Gate  
  21  2:23  Adept  
  21  2:24  Pylon  
  21  2:26  Probe (Chrono Boost)  
  24  2:47  Probe (Chrono Boost)  
  25  2:52  Adept, Pylon  
  25  2:56  Probe (Chrono Boost)  
  29  2:59  Probe (Chrono Boost)  
  29  3:06  Probe (Chrono Boost)  
  29  3:10  Gateway  
  30  3:16  Probe (Chrono Boost)  
  30  3:19  Probe (Chrono Boost)  
  32  3:20  Adept  
  32  3:26  Twilight Council  
  35  3:28  Probe (Chrono Boost)  
  35  3:30  Mothership Core (Chrono Boost)  
  37  3:40  Probe (Chrono Boost)  
  38  3:45  Pylon  
  38  3:48  Probe (Chrono Boost)  
  39  3:54  Probe (Chrono Boost)  
  40  3:58  Probe (Chrono Boost)  
  38  4:21  Resonating Glaives  
  37  4:38  Robotics Facility  
  37  4:40  Probe (Chrono Boost)  
  37  4:41  Probe (Chrono Boost), Gateway  
  37  4:45  Pylon, Assimilator  
  39  4:46  Pylon  
  39  4:49  Stalker  
  39  4:50  Stalker  
  39  4:51  Probe (Chrono Boost)  
  45  4:54  Probe (Chrono Boost)  
  45  5:01  Assimilator  
  45  5:04  Pylon  
  43  5:28  Stalker  
  43  5:29  Stalker  
  43  5:30  Probe (Chrono Boost)  
  43  5:31  Probe (Chrono Boost)  
  43  5:33  Warp Prism  
  51  5:40  Probe (Chrono Boost)  
  51  5:43  Probe (Chrono Boost), Gateway  
  51  5:47  Gateway  
  50  5:52  Stalker  
  50  5:53  Probe (Chrono Boost)  
  54  5:58  Probe (Chrono Boost)  
  54  6:10  Stalker x2  
  54  6:11  Probe (Chrono Boost)  
  60  6:12  Nexus, Probe (Chrono Boost)  
  60  6:14  Pylon  
  60  6:22  Stalker  
  60  6:42  Adept x4  
  64  7:23  Stalker x2  
  64  7:24  Stalker x3  
  64  7:26  Probe x2 (Chrono Boost)  
  64  7:28  Probe (Chrono Boost)  
  73  7:37  Observer  
  73  7:43  Gateway  
  74  7:47  Forge  
  74  7:48  Forge  
  74  7:49  Forge, Probe x2 (Chrono Boost)  
  74  7:50  Probe (Chrono Boost)  
  77  7:52  Pylon  
  77  7:57  Pylon, Assimilator  
  77  7:59  Pylon  
  77  8:00  Pylon  
  65  8:27  Stalker x5  
  65  8:29  Probe x2 (Chrono Boost)  
  65  8:30  Probe (Chrono Boost)  
  68  8:52  Pylon  
  68  8:53  Assimilator, Stalker x5  
  68  8:54  Stalker  
  80  8:58  Observer  
  81  9:16  Pylon  
  81  9:17  Stalker x4  
  81  9:18  Stalker x2  
  81  9:21  Probe (Chrono Boost)  
  81  9:22  Probe x2 (Chrono Boost)  
  84  9:49  Stalker x3  
  84  9:50  Stalker x3  
Tags
 
Add a new tag
Caveats
  • Supply blocks, unpowered buildings, or Contaminate may cause inaccurate times.
  • Supply counts are checked every 10 seconds.